 Dungeon Crawl Stone Soup version 0.23.2 (webtiles) character file.

Game seed: 17068565656821097425

861 Lusmu the Slasher (level 8, -1/49 HPs)
             Began as a Tengu Fighter on Apr 2, 2019.
             Slain by a scorpion (8 damage)
             ... in an ossuary.
             The game lasted 00:10:19 (3591 turns).

Lusmu the Slasher (Tengu Fighter)                   Turns: 3591, Time: 00:10:19

Health: -1/49      AC:  9    Str: 16    XL:     8   Next: 2%
Magic:  9/9        EV:  7    Int: 10    God:
Gold:   235        SH: 10    Dex: 15    Spells: 7/7 levels left

rFire    . . .     SeeInvis +   a - +0 long sword
rCold    . . .     Gourm    .   c - +0 shield
rNeg     . . .     Faith    .   b - +0 scale mail
rPois    .         Spirit   .   (helmet restricted)
rElec    .         Reflect  .   d - +0 cloak
rCorr    +         Harm     .   l - +0 pair of gloves
MR       .....                  (boots unavailable)
Stlth    +.........             q - amulet of magic regeneration
HPRegen  0.16/turn              i - ring of resist corrosion
MPRegen  0.36/turn              (no ring)

@: lethally poisoned (-1 -> -20)
A: beak, talons 3, see invisible, wild magic 1, able to fly
a: Fly


You were in an ossuary.
You were near starving.

You visited 1 branch of the dungeon, and saw 4 of its levels.
You also visited: Ossuary.

You collected 235 gold pieces.

Inventory:

Hand Weapons
 a - a +0 long sword (weapon)
Missiles
 m - 8 curare-tipped needles
Armour
 b - a +0 scale mail (worn)
 c - a +0 shield (worn)
 d - a +0 cloak (worn)
 l - a +0 pair of gloves (worn)
Jewellery
 i - a ring of resist corrosion (left hand)
 n - an uncursed ring of see invisible
 q - an amulet of magic regeneration (around neck)
Scrolls
 e - 2 scrolls of remove curse
 g - a scroll of fog {unknown}
 h - a scroll of immolation
 j - 4 scrolls of identify
 k - a scroll of fear
 p - 3 scrolls of teleportation
Potions
 o - a potion of curing {unknown}
 r - a potion of magic
 s - a potion of lignification
Comestibles
 f - 6 rations


   Skills:
 + Level 5.2 Fighting
 + Level 5.3 Long Blades
 - Level 3.2 Armour
 + Level 4.5 Stealth
 + Level 5.2 Shields


You had 7 spell levels left.
You didn't know any spells.
Your spell library contained the following spells:

 Spells                   Type           Power        Failure   Level  Hunger
 Animate Skeleton         Necr           N/A          99%         1    ##.....
 Apportation              Tloc           #.....       99%         1    ##.....
 Confusing Touch          Hex            #.....       99%         1    ##.....
 Summon Small Mammal      Summ           #...         99%         1    ##.....


Dungeon Overview and Level Annotations

Branches:
Dungeon (4/15)
 Temple: D:4-7

Altars:
Fedhas


Innate Abilities, Weirdness & Mutations

You have a beak for a mouth.
You have claws for feet.
You can fly continuously.
You have supernaturally acute eyesight. (SInv)
Your spells are a little harder to cast, but a little more powerful.


Message History

You feel very sick. You block the scorpion's attack.
The scorpion barely misses you.
You riposte.
You hit the scorpion but do no damage. You completely miss the scorpion.
You claw the scorpion.
You peck the scorpion, but do no damage.
The scorpion is moderately wounded.
* * * LOW HITPOINT WARNING * * *
You feel very sick. The scorpion stings you.
* * * LOW HITPOINT WARNING * * *
You hit the scorpion but do no damage. You claw the scorpion.
The scorpion is severely wounded.
* * * LOW HITPOINT WARNING * * *
You feel sick. You block the scorpion's attack.
You barely miss the scorpion.
The scorpion is severely wounded.
* * * LOW HITPOINT WARNING * * *
You feel very sick. The scorpion stings you!
You die...

#...#...#^^^#..
##+###########'####
#...#...#^^^#.....#
#...8...'^^^#.....#
#.......#^^^#.....8
##8...8###'##..†...
#.......#...#......
#...8...#...###8...
#.@.#...#...#......
##s#######+##......
...#!!M#^^^#.....8
#...+...#^^^'.....#
#...#?.!#^^^#.....#
###################


You could see a scorpion.

Vanquished Creatures
  An ogre (D:4)
  An elf zombie (D:4)
  4 scorpions (Ossuary)
  3 human zombies (Ossuary)
  2 centaur zombies (Ossuary)
  2 orc wizards (D:3)
  A human skeleton (D:4)
  An orc priest (D:3)
  A worker ant (D:4)
  2 big kobold zombies (Ossuary)
  A hound skeleton (D:4)
  A mummy (Ossuary)
  Robin (D:2)
  4 scorpion zombies (Ossuary)
  5 adders
  An adder skeleton (D:4)
  2 worms
  2 leopard geckos (D:4)
  6 orcs (D:3)
  5 bats
  3 giant cockroaches
  9 hobgoblins
  3 jackals (D:1)
  3 ball pythons
  5 frilled lizards
  12 goblins
  A goblin zombie (Ossuary)
  4 kobolds
  2 orc skeletons (D:4)
  2 orc zombies (Ossuary)
  11 rats
101 creatures vanquished.

Notes
Turn   | Place    | Note
-------+----------+-------------------------------------------
     0 | D:1      | Lusmu the Tengu Fighter began the quest for the Orb.
     0 | D:1      | Reached XP level 1. HP: 14/14 MP: 2/2
   181 | D:1      | Reached XP level 2. HP: 19/19 MP: 3/3
   273 | D:1      | Reached skill level 1 in Stealth
   481 | D:1      | Reached XP level 3. HP: 23/23 MP: 4/4
  1095 | D:2      | Noticed Robin
  1118 | D:2      | Killed Robin
  1251 | D:2      | Reached XP level 4. HP: 26/28 MP: 5/5
  1710 | D:2      | Gained mutation: You occasionally shout uncontrollably at
                  | your foes. [potion of mutation]
  1710 | D:2      | Gained mutation: Your natural rate of healing is unusually
                  | fast. [potion of mutation]
  1710 | D:2      | Gained mutation: You evolve. [potion of mutation]
  1710 | D:2      | Gained mutation: You expend magic power (3 MP) to
                  | strengthen your wands. [potion of mutation]
  1711 | D:2      | Lost mutation: You expend magic power (3 MP) to strengthen
                  | your wands. [potion of mutation]
  1711 | D:2      | Lost mutation: You occasionally shout uncontrollably at
                  | your foes. [potion of mutation]
  1711 | D:2      | Lost mutation: Your natural rate of healing is unusually
                  | fast. [potion of mutation]
  1711 | D:2      | Lost mutation: You evolve. [potion of mutation]
  1711 | D:2      | Gained mutation: You have supernaturally acute eyesight.
                  | (SInv) [potion of mutation]
  1711 | D:2      | Gained mutation: Your spells are a little harder to cast,
                  | but a little more powerful. [potion of mutation]
  1852 | D:3      | Found a blossoming altar of Fedhas.
  2002 | D:3      | Gained mutation: You can fly continuously. [Tengu growth]
  2002 | D:3      | Reached XP level 5. HP: 19/33 MP: 6/6
  2161 | D:3      | HP: 2/49 [poisoned by an orc wizard]
  2169 | D:3      | HP: 1/49 [poisoned by an orc wizard]
  2738 | D:4      | Reached XP level 6. HP: 38/38 MP: 7/7
  2977 | D:4      | Found a sand-covered staircase.
  2984 | D:4      | Reached XP level 7. HP: 31/44 MP: 8/8
  2996 | Ossuary  | Entered an ossuary
  3394 | Ossuary  | Reached skill level 5 in Fighting
  3394 | Ossuary  | Reached skill level 5 in Long Blades
  3412 | Ossuary  | Reached skill level 5 in Shields
  3586 | Ossuary  | Reached XP level 8. HP: 23/49 MP: 9/9
  3591 | Ossuary  | Slain by a scorpion

Skill      XL: |  1  2  3  4  5  6  7 |
---------------+----------------------+-----
Stealth        | 1 2 3 4 |  4.5
Long Blades    | 3 4 5 |  5.3
Fighting       | 4 5 |  5.2
Shields        | 4 5 |  5.2
Armour         | |  3.2

Action                   |  1- 3 |  4- 6 |  7- 9 || total
-------------------------+-------+-------+-------++-------
Melee: Long sword        |    70 |   103 |   117 ||   290
       Kick              |    22 |    31 |    52 ||   105
       Peck              |    14 |    19 |    25 ||    58
  Use: Potion            |       |     7 |       ||     7
       Scroll            |       |     4 |       ||     4
  Eat: Chunk             |     1 |     3 |       ||     4
       Ration            |       |     1 |       ||     1
Armor: Scale mail        |    21 |    44 |    35 ||   100
Dodge: Dodged            |    29 |    28 |    22 ||    79
Block: Shield            |    37 |    41 |    40 ||   118
       Rpst.: Long sword |    11 |     9 |     6 ||    26
